 Dungeon Crawl Stone Soup version 0.29-a0-275-g389c0b56f3 (webtiles) character file.

Game seed: 4798446652925591494

86 bande the Covered (level 4, -1/29 HPs)
             Began as a Gargoyle Fighter on Mar 10, 2022.
             Slain by Edmund
             ... wielding a +2 vorpal dire flail
              (11 damage)
             ... on level 4 of the Dungeon.
             The game lasted 00:03:35 (2306 turns).

bande the Covered (Gargoyle Fighter)                Turns: 2306, Time: 00:03:36

Health: -1/29      AC: 19    Str: 19    XL:     4   Next: 49%
Magic:  4/4        EV:  5    Int:  9    God:
Gold:   108        SH:  5    Dex: 17    Spells: 3/3 levels left

rFire   . . .      SeeInvis .   a - +0 war axe
rCold   . . .      Faith    .   c - +0 buckler
rNeg    + + .      Spirit   .   l - +0 plate armour
rPois   ∞          Reflect  .   (no helmet)
rElec   +          Harm     .   e - +0 cloak
rCorr   .          Rampage  .   f - +2 pair of gloves
Will    .....                   (no boots)
Stlth   ..........              (no amulet)
HPRegen 0.09/turn               g - ring of positive energy
MPRegen 0.09/turn               n - +6 ring of dexterity

@: no status effects
A: sickness immunity, AC +3, negative energy resistance 1, electricity
resistance, torment resistance 1, petrification resistance
a: no special abilities


You were on level 4 of the Dungeon.
You visited 1 branch of the dungeon, and saw 6 of its levels.

You collected 108 gold pieces.

Inventory:

Hand Weapons
 a - a +0 war axe (weapon)
Armour
 c - a +0 buckler (worn)
 e - a +0 cloak (worn)
 f - a +2 pair of gloves (worn)
 l - a +0 plate armour (worn)
Jewellery
 g - a ring of positive energy (left hand)
 i - an amulet of faith
 n - a +6 ring of dexterity (right hand)
Scrolls
 j - a scroll of teleportation
Potions
 d - a potion of might
 m - a potion of resistance


   Skills:
 + Level 3.7 Fighting
 + Level 3.1 Axes
 + Level 3.8 Armour
 + Level 3.7 Shields


You had 3 spell levels left.
You didn't know any spells.
Your spell library contained the following spells:

 Spells                   Type           Power      Damage    Failure   Level
 Slow                     Hex            0%         N/A       100%        1
 Ensorcelled Hibernation  Hex/Ice        0%         N/A       100%        2
 Passwall                 Tmut/Erth      0%         N/A       100%        2
 Confusing Touch          Hex            0%         N/A       100%        3
 Swiftness                Air            0%         N/A       100%        3
 Vampiric Draining        Necr           0%         2d6       100%        3


Dungeon Overview and Level Annotations

Branches:
Dungeon (6/15)
 Temple: D:4-7

Altars:
Sif Muna

Shops:
D:6 =

Annotations:
D:4 Edmund


Innate Abilities, Weirdness & Mutations

You are immune to sickness and miasma.
Your stone body is resilient. (AC +3)
You are immune to poison.
You resist negative energy. (rN+)
You are resistant to electric shocks. (rElec)
You are resistant to unholy torment.
You are immune to petrification.


Message History

An orc is nearby!
Edmund and an endoplasm come into view.
Edmund is wielding a +2 vorpal dire flail and wearing a +2 ring mail of fire resistance.
Edmund shouts!
The endoplasm quivers.
Edmund moves out of view.
The endoplasm moves out of view.
The orc hits you but does no damage.
You slash the orc!
You kill the orc!
You hit the endoplasm.
The endoplasm is almost dead.
The endoplasm hits you but does no damage.
You slash the endoplasm!
You kill the endoplasm!
A hobgoblin comes into view.
Edmund hits you with a +2 vorpal dire flail.
The hobgoblin shouts!
You hit Edmund.
Edmund is lightly wounded.
Edmund hits you with a +2 vorpal dire flail!
You hit Edmund but do no damage.
Edmund is lightly wounded.
Edmund hits you but does no damage.
You slash Edmund!
Edmund is moderately wounded.
You block Edmund's attack.
Edmund hits you with a +2 vorpal dire flail!
* * * LOW HITPOINT WARNING * * *
x2 You are too injured to fight recklessly!
You are too injured to fight recklessly!
You are too injured to fight recklessly!
You are too injured to fight recklessly!
You are too injured to fight recklessly!
You are too injured to fight recklessly!
You are too injured to fight recklessly!
You feel better. Edmund hits you but does no damage.
You slash Edmund!
Edmund is heavily wounded.
Edmund hits you with a +2 vorpal dire flail!
You die...

...................+ +
.#######...........# .#
.####.....####.#..## ..#
..........# #.#..##...##
########..####.#.........
♣♣♣♣♣♣##..##......#.##...
..........##....:...#
♣♣♣♣♣♣##..##.....##.#
########..##....@# ...
..##...........##@......
..##...........# g......
>....†.......... .......
.###)####....... .......
.#.....# ....... .......
.#...[.# ....... ..#####
.#.....# ......# ..#
.#.....# #######


You could see Edmund and a hobgoblin.

Vanquished Creatures
  An iguana (D:4)
  An adder (D:2)
  A worm (D:2)
  A dart slug (D:1)
  2 orcs (D:4)
  4 ball pythons
  4 bats
  6 endoplasms
  2 giant cockroaches (D:1)
  2 goblins
  4 hobgoblins
  2 quokkas
  3 frilled lizards (D:1)
  5 kobolds
  7 rats
45 creatures vanquished.

Notes
Turn   | Place    | Note
-------+----------+-------------------------------------------
     0 | D:1      | bande the Gargoyle Fighter began the quest for the Orb.
     0 | D:1      | Reached XP level 1. HP: 14/14 MP: 1/1
   153 | D:1      | Reached XP level 2. HP: 19/19 MP: 2/2
   643 | D:1      | Reached XP level 3. HP: 23/23 MP: 3/3
  1133 | D:2      | Found a faded altar of an unknown god.
  1702 | D:3      | Found a shimmering blue altar of Sif Muna.
  1836 | D:3      | You fall into a shaft and drop 3 floors!
  1836 | D:6      | Noticed a sky beast
  1838 | D:6      | Found Caar's Jewellery Emporium.
  1840 | D:6      | Noticed a sky beast
  1842 | D:5      | Entered Level 5 of the Dungeon
  1865 | D:4      | Reached XP level 4. HP: 23/29 MP: 4/4
  2297 | D:4      | Noticed Edmund
  2306 | D:4      | Slain by Edmund

Illustrated notes

Levels and vault maps discovered:
D:1:      lemuel_arrival_cross, layout_basic, minmay_misc_feat_more_columns,
          hex_tiny
D:2:      layout_rooms, ebering_ecumenical_altar_webs
D:3:      layout_loops_ring, mainiacjoe_overflow_24_doors,
          nicolae_overflow_ecumenical_swirl, nicolae_sif_muna_little_library,
          gammafunk_ghost_cemetery, serial_aquarium, aquarium_bridge_long_joined
          [aquarium_subvault_wall, aquarium_subvault_bridge,
          aquarium_subvault_window, aquarium_subvault_bridge,
          aquarium_subvault_window, aquarium_subvault_wall],
          aquarium_window_corridor_3, aquarium_window_1, aquarium_view_2d,
          aquarium_view_2e, aquarium_balcony_double_4, aquarium_pool_five
D:4:      layout_basic, nicolae_gozag_cash_rules_everything_around_me,
          dreamdust_princess_corridor, uniq_edmund
D:5:      layout_cave_pools, nicolae_uskayaw_en_pointe,
          minmay_temple_entry_statues_pillars, gammafunk_ghost_smash,
          chequers_serial_rivers_micro_a, minmay_fractal_squares_gapless_5
D:6:      layout_cave_pools, serial_shops, nicolae_shop_statue_plus,
          uniq_menkaure, uniq_eustachio

Skill      XL: |  1  2  3  4 |
---------------+-------------+-----
Axes           | 2 3 |  3.1
Fighting       | |  3.7
Armour         | |  3.8
Shields        | |  3.7

Action                   |  1- 3 |  4- 6 || total
-------------------------+-------+-------++-------
Melee: War axe           |   104 |    13 ||   117
  Use: Scroll            |     4 |     2 ||     6
       Potion            |       |     1 ||     1
Armor: Scale mail        |    58 |       ||    58
       Plate armour      |       |     8 ||     8
Dodge: Dodged            |    55 |     1 ||    56
Block: Buckler           |    16 |     2 ||    18

Table legend: (Time is in decaauts)
 A = Elapsed time spent in this place.
 B = Non-inter-level travel time spent in this place.
 C = Inter-level travel time spent in this place.
 D = Time resting spent in this place.
 E = Time spent auto-exploring this place.
 F = Levels seen in this place.
 G = Mean time per level.
                   A        B        C        D        E       F      G
               +--------+--------+--------+--------+--------+-----+--------+
         Total |   2353 |   2353 |      0 |    292 |   1608 |   6 |  392.2 |
       Dungeon |   2353 |   2353 |      0 |    292 |   1608 |   6 |  392.2 |
               +--------+--------+--------+--------+--------+-----+--------+

Top non-repeatable levels by time:
     D:1: 957 daAuts
     D:2: 618 daAuts
     D:4: 467 daAuts
     D:3: 300 daAuts
     D:6: 5 daAuts
     D:5: 4 daAuts
